AoeStats
← [RAT] G0rm

Hill Fort

506720798Analyzed
3v3 RM · 18d ago on Sep 14, 2026· 27m 58s· 6 players
Game mode
Random Map
Map size
Normal (6 player)
Population
200
Speed
Normal
Resources
Standard
Victory
Conquest
Starting age
Dark Age
Ending age
Imperial Age
RankedLock teamsTeams togetherTeam positionsShared explorationLock speedFull tech treeHidden civsTurbo modeCheats
Victory
Defeat
🇧🇷 Saracens · Brazil
1715
+11
🇲🇴 Franks · Macao SAR China
1423
+22
🇵🇪 Huns · Peru
1418
+24
🇺🇸 Berbers · United States
1638
-21
🇳🇱 Georgians · Netherlands
1557
-18
🇷🇴 Slavs · Romania
1551
-18
[RAT] Spencer
10:48 Feudal Age
15:14 Castle Age
13:25 Double-Bit Axe
13:44 Horse Collar
15:16 Fletching
15:26 Loom
16:12 Bow Saw
17:05 Town Watch
22:50 Bodkin Arrow
24:03 Padded Archer Armor
[RAT] Havik_AoE
11:25 Feudal Age
11:43 Loom
15:55 Double-Bit Axe
20:52 Castle Age
18:50 Horse Collar
20:38 Bloodlines
21:31 Forging
21:30 Light Cavalry
23:01 Scale Barding Armor
25:03 Chain Barding Armor
[RAT] G0rm
11:28 Feudal Age
15:55 Castle Age
14:21 Double-Bit Axe
15:06 Horse Collar
17:58 Loom
21:16 Man-at-Arms
23:27 Fletching
23:39 Scale Mail Armor
23:25 Long Swordsman
26:15 Scale Mail Armor
coxinha_iodo
11:05 Feudal Age
10:55 Loom
16:38 Castle Age
15:14 Double-Bit Axe
15:23 Fletching
16:46 Crossbowman
20:16 Bodkin Arrow
22:16 Ballistics
22:40 Padded Archer Armor
22:58 Bow Saw
_The_Oldergold
6:09 Loom
8:56 Feudal Age
9:25 Double-Bit Axe
12:35 Horse Collar
16:40 Fletching
17:18 Town Watch
21:06 Wheelbarrow
24:35 Castle Age
25:33 Bodkin Arrow
27:48 Bow Saw
27:39 Heavy Plow
dont help
3:07 Loom
9:20 Feudal Age
10:02 Double-Bit Axe
15:01 Wheelbarrow
15:27 Gold Mining
17:53 Castle Age
17:58 Scale Barding Armor
18:05 Forging
19:24 Bow Saw
20:26 Gold Shaft Mining
20:06 Town Watch
22:51 Chain Barding Armor
26:57 Husbandry
Connection lost

Rejoining the realm…

Still unreachable

The connection could not be restored.

Session expired

The server has moved on; the page needs a fresh start.